 Dungeon Crawl Stone Soup version 0.32-a0-329-ge6c31236d6 (console) character file.

Game seed: 16581611188370963766

1948699 tevi the Cloud Mage (level 27, 273/273 HPs)
             Began as a Human Reaver on Feb 16, 2024.
             Was an Initiate of Gozag.
             Escaped with the Orb
             ... and 4 runes on Feb 17, 2024!
             The game lasted 03:50:26 (94619 turns).

tevi the Cloud Mage (Human Reaver)                 Turns: 94619, Time: 03:50:26

Health: 273/273    AC: 31    Str: 12      XL:     27
Magic:  50/50      EV: 14    Int: 36      God:    Gozag
Gold:   6308       SH: 19    Dex: 16 (18) Spells: 15/64 levels left

rFire   + + .        S - +9 scimitar {flame, rElec rF+}
rCold   + . .        G - +5 Storm Queen's Shield {shock, Fly rElec}
rNeg    + . .        q - +8 pearl dragon scales "Povim" {rN+ Int+3}
rPois   +            F - +0 mask of the Dragon {Will+ Slay+3 SInv}
rElec   +            u - +0 cloak "Poty" {^Contam rPois Dex+2 SInv}
rCorr   .            t - +0 pair of gloves of Infinity {rElec rF++ Str+3 Dex-3}
SInv    +            I - +2 pair of boots
Will    ++++.        h - amulet of Dithmenos's Approval {Faith rF++ Int+5}
Stlth   +            K - ring "Maytema" {Will+ Int+3 Dex+6 Slay+2 Stlth+}
HPRegen 0.65/turn    g - ring "Yler" {Wiz rC+ Str-5 SInv}
MPRegen 0.32/turn

%: faith, wizardry (x1)
@: flying
A: explore regen, horns 1, clever 1, clumsy 1, deterioration 2, high MP 1,
robust 2, screaming 1, no potion heal 1, heat vulnerability 3
0: Orb of Zot
}: 4/15 runes: decaying, serpentine, slimy, silver
a: Renounce Religion, Potion Petition, Call Merchant, Bribe Branch


You escaped.
You worshipped Gozag.
Gozag was greatly pleased with you.
You visited 11 branches of the dungeon, and saw 53 of its levels.
You also visited: Bailey and Desolation.

You collected 29263 gold pieces.
You spent 9960 gold pieces at shops.
You paid 12995 gold pieces to Gozag.

Inventory:

Hand Weapons
 a - a +9 demon blade of venom
 S - the +9 scimitar of the Philosopher (weapon) {flame, rElec rF+}
   (You found it on level 5 of the Lair of Beasts)

   rF+:       It protects you from fire.
   rElec:     It insulates you from electricity.
Missiles
 z - 6 throwing nets
 T - 7 curare-tipped darts
Armour
 q - the +8 pearl dragon scales "Povim" (worn) {rN+ Int+3}
   (You found it in the Desolation of Salt)

   Int+3:     It affects your intelligence (+3).
   rN+:       It protects you from negative energy.
 t - the +0 pair of gloves of Infinity (worn) {rElec rF++ Str+3 Dex-3}
   (You bought it in a shop on level 8 of the Dungeon)

   Str+3:     It affects your strength (+3).
   Dex-3:     It affects your dexterity (-3).
   rF++:      It greatly protects you from fire.
   rElec:     It insulates you from electricity.
 u - the +0 cloak "Poty" (worn) {^Contam rPois Dex+2 SInv}
   (You bought it in a shop on level 8 of the Dungeon)

   Dex+2:     It affects your dexterity (+2).
   rPois:     It protects you from poison SInv: It lets you see invisible.
   ^Contam:   It causes magical contamination when unequipped.
 F - the +0 mask of the Dragon (worn) {Will+ Slay+3 SInv}
   (You bought it in a shop on level 2 of the Orcish Mines)

   Slay+3:    It affects your accuracy & damage with ranged weapons and melee
   (+3).
   Will+:     It increases your willpower.
   SInv:      It lets you see invisible.
 G - the +5 Storm Queen's Shield (worn) {shock, Fly rElec}
   (You bought it in a shop on level 3 of the Snake Pit)

   Shock:     When it blocks an attack, it may electrocute the attacker.
   This works even against foes who are a short distance away.
   rElec:     It insulates you from electricity.
   Fly:       It grants you flight.
 I - a +2 pair of boots (worn)
Jewellery
 e - the ring "Zeim" {Fly rC+ Str+3 Int+4}
   (You found it on level 3 of the Vaults)

   [ring of flight]

   Str+3:     It affects your strength (+3).
   Int+4:     It affects your intelligence (+4).
   rC+:       It protects you from cold.
   Fly:       It grants you flight.
 g - the ring "Yler" (right hand) {Wiz rC+ Str-5 SInv}
   (You found it in the Desolation of Salt)

   [ring of wizardry]

   Wiz:       It improves your spell success rate.
   Str-5:     It affects your strength (-5).
   rC+:       It protects you from cold.
   SInv:      It lets you see invisible.
 h - the amulet of Dithmenos's Approval (around neck) {Faith rF++ Int+5}
   (You took it off a fire giant on level 3 of the Depths)

   [amulet of faith]

   Faith:     It allows you to gain divine favour quickly.
   Int+5:     It affects your intelligence (+5).
   rF++:      It greatly protects you from fire.
 w - the ring "Holuirua" {rPois rC+ Int+7 Dex-4}
   (You took it off a fire giant on level 5 of the Vaults)

   [ring of protection from cold]

   Int+7:     It affects your intelligence (+7).
   Dex-4:     It affects your dexterity (-4).
   rC+:       It protects you from cold.
   rPois:     It protects you from poison
 x - the ring "Axovat" {rF+ rCorr Str+4 Dex-4}
   (You found it in the Desolation of Salt)

   [ring of resist corrosion]

   Str+4:     It affects your strength (+4).
   Dex-4:     It affects your dexterity (-4).
   rF+:       It protects you from fire.
   rCorr:     It protects you from acid and corrosion.
 E - an amulet of guardian spirit
 K - the ring "Maytema" (left hand) {Will+ Int+3 Dex+6 Slay+2 Stlth+}
   (You found it on level 3 of the Elven Halls)

   [ring of dexterity]

   Int+3:     It affects your intelligence (+3).
   Dex+6:     It affects your dexterity (+6).
   Slay+2:    It affects your accuracy & damage with ranged weapons and melee
   (+2).
   Will+:     It increases your willpower.
   Stlth+:    It makes you more stealthy.
 L - the ring of Day {Fly rPois Will+}
   (You bought it in a shop on level 2 of the Vaults)

   [ring of flight]

   rPois:     It protects you from poison Will+: It increases your willpower.
   Fly:       It grants you flight.
Wands
 b - a wand of digging (17)
 p - a wand of roots (77)
 U - a wand of quicksilver (44)
 W - a wand of charming (34)
Scrolls
 f - 33 scrolls of teleportation
 j - 5 scrolls of fear
 k - 9 scrolls of fog
 n - 4 scrolls of blinking
 r - 13 scrolls of vulnerability
 y - 5 scrolls of amnesia
 B - 5 scrolls of enchant armour
 D - 6 scrolls of butterflies
 J - 4 scrolls of revelation
 Q - 7 scrolls of immolation
 V - 2 scrolls of torment
 X - 4 scrolls of silence
 Y - 25 scrolls of identify
Potions
 c - 7 potions of might
 d - 16 potions of curing
 l - 2 potions of cancellation
 o - 8 potions of magic
 s - 4 potions of resistance
 A - 10 potions of ambrosia
 C - 7 potions of enlightenment
 H - 4 potions of brilliance
 M - 8 potions of haste
 O - a potion of berserk rage
 P - 11 potions of heal wounds
 R - 5 potions of invisibility
Miscellaneous
 i - a phantom mirror
 m - a phial of floods
 v - a condenser vane
 N - a box of beasts
 Z - a lightning rod (4/4)


   Skills:
 - Level 21.0 Fighting
 - Level 14.0 Long Blades
 - Level 4.0 Throwing
 - Level 15.0 Armour
 - Level 15.0 Dodging
 - Level 16.0 Shields
 + Level 19.3 Spellcasting
 + Level 21.6 Conjurations
 - Level 4.0 Summonings
 - Level 2.0 Necromancy
 - Level 2.0 Translocations
 - Level 7.0 Ice Magic
 + Level 21.6 Air Magic
 - Level 6.0 Alchemy
 - Level 10.0 Evocations


You had 15 spell levels left.
You knew the following spells:

 Your Spells              Type           Power      Damage    Failure   Level
a - Irradiate             Conj/Alch      47%        3d27      1%          5
b - Orb of Destruction    Conj           56%        9d14      1%          7
c - Hailstorm             Conj/Ice       95%        3d15      1%          3
d - Frozen Ramparts       Ice            100%       1d16      1%          3
e - Freezing Cloud        Conj/Ice/Air   50%        6-21      1%          5
f - Summon Lightning Spi  Summ/Air       91%        N/A       1%          4
g - Maxwell's Capacitive  Air            56%        ∞         2%          8
h - Arcjolt               Conj/Air       56%        1d66      1%          5
i - Chain Lightning       Conj/Air       56%        3d75      32%         9

Your spell library contained the following spells:

 Spells                   Type           Power      Damage    Failure   Level
 Sting                    Conj/Alch      100%       1d9       0%          1
 Static Discharge         Conj/Air       100%       3-8/arc   0%          2
 Mephitic Cloud           Conj/Alch/Air  100%       N/A       0%          3
 Swiftness                Air            100%       N/A       0%          3
 Airstrike                Air            56%        2d(9-25)  0%          4
 Apportation              Tloc           98%        N/A       1%          1
 Foxfire                  Conj/Fire      100%       2x1d9     1%          1
 Freeze                   Ice            100%       1d10      1%          1
 Kiss of Death            Conj/Necr      100%       2d13      1%          1
 Necrotise                Necr           100%       1d9       1%          1
 Summon Small Mammal      Summ           100%       N/A       1%          1
 Call Imp                 Summ           100%       N/A       1%          2
 Cigotuvi's Dreadful Rot  Necr/Alch/Air  100%       N/A       1%          2
 Ensorcelled Hibernation  Hex/Ice        100%       N/A       1%          2
 Lesser Beckoning         Tloc           98%        N/A       1%          2
 Mercury Vapours          Alch/Air       100%       N/A       1%          2
 Momentum Strike          Conj/Tloc      100%       3d10      1%          2
 Sublimation of Blood     Necr           49%        N/A       1%          2
 Call Canine Familiar     Summ           59%        N/A       1%          3
 Dazzling Flash           Conj/Hex       100%       N/A       1%          3
 Summon Ice Beast         Ice/Summ       65%        N/A       1%          3
 Brom's Barrelling Bould  Conj/Erth      85%        2d10      1%          4
 Flame Wave               Conj/Fire      85%        2d18      1%          4
 Vhi's Electric Charge    Tloc/Air       100%       N/A       1%          4
 Fireball                 Conj/Fire      42%        3d17      1%          5
 Iskenderun's Battlesphe  Conj           100%       2d15      1%          5
 Silence                  Hex/Air        42%        N/A       1%          5
 Conjure Ball Lightning   Conj/Air       56%        3x3d20    1%          6
 Slow                     Hex            100%       N/A       2%          1
 Gell's Gravitas          Tloc           49%        N/A       3%          3
 Teleport Other           Tloc           49%        N/A       3%          3
 Vampiric Draining        Necr           49%        2d9       3%          3
 Jinxbite                 Hex            68%        N/A       4%          2
 Scorch                   Fire           68%        2d7       4%          2
 Bombard                  Conj/Erth      42%        9d7       4%          6
 Starburst                Conj/Fire      42%        6d12      4%          6
 Volatile Blastmotes      Fire/Tloc      82%        2d16      5%          3
 Alistair's Intoxication  Alch           44%        N/A       6%          5
 Ignite Poison            Fire/Alch      54%        N/A       8%          4
 Leda's Liquefaction      Alch/Erth      27%        N/A       8%          4
 Martyr's Knell           Necr/Summ      54%        N/A       8%          4
 Petrify                  Alch/Erth      54%        N/A       8%          4
 Sticky Flame             Fire/Alch      54%        2d10      8%          4
 Confusing Touch          Hex            34%        N/A       9%          3
 Inner Flame              Hex/Fire       34%        N/A       9%          3
 Passwall                 Erth           34%        N/A       9%          3
 Sigil of Binding         Hex            34%        N/A       9%          3
 Dispel Undead            Necr           49%        3d18      12%         4
 Manifold Assault         Tloc           49%        N/A       12%         4
 Summon Blazeheart Golem  Fire/Summ      49%        N/A       12%         4
 Spellforged Servitor     Conj/Summ      45%        N/A       12%         7
 Anguish                  Hex/Necr       20%        N/A       17%         4
 Dimensional Bullseye     Hex/Tloc       20%        N/A       17%         4
 Metabolic Englaciation   Hex/Ice        28%        N/A       17%         5
 Summon Forest            Summ/Tloc      27%        N/A       21%         5
 Yara's Violent Unravell  Hex/Alch       27%        3d12      21%         5
 Cause Fear               Hex            17%        N/A       26%         4
 Sculpt Simulacrum        Ice/Alch       34%        N/A       26%         6
 Curse of Agony           Necr           49%        N/A       32%         5
 Summon Mana Viper        Hex/Summ       49%        N/A       32%         5
 Borgnjor's Vile Clutch   Necr/Erth      20%        N/A       43%         5
 Lee's Rapid Deconstruct  Erth           17%        3d10*     56%         5
 Summon Cactus Giant      Summ           29%        N/A       58%         6
 Death Channel            Necr           24%        N/A       85%         6
 Dispersal                Tloc           24%        N/A       85%         6
 Monstrous Menagerie      Summ           29%        N/A       98%         7
 Summon Hydra             Summ           29%        N/A       98%         7
 Haunt                    Necr/Summ      27%        N/A       99%         7
 Enfeeble                 Hex            17%        N/A       100%        7
 Disjunction              Tloc           24%        N/A       100%        8
 Summon Horrible Things   Summ           29%        N/A       100%        8
 Dragon's Call            Summ           29%        N/A       100%        9
 Fire Storm               Conj/Fire      42%        8d11      100%        9
 Polar Vortex             Ice            35%        12d4*     100%        9
 Shatter                  Erth           17%        3d16*     100%        9
 Animate Dead             Necr           Unusable   N/A       N/A         4

Dungeon Overview and Level Annotations

Branches:
Dungeon (15/15)            Temple (1/1) D:6            Lair (5/5) D:8
  Swamp (4/4) Lair:3        Snake (4/4) Lair:3        Slime (5/5) Lair:5
    Orc (2/2) D:11            Elf (3/3) Orc:2        Vaults (5/5) D:14
  Crypt (0/3) Vaults:3     Depths (4/4) D:15            Zot (5/5) Depths:4
 Bailey (visited)         Desolation (visited)

Altars:
Ashenzari
Cheibriados
Dithmenos
Elyvilon
Fedhas
Gozag
Hepliaklqana
Kikubaaqudgha
Makhleb
Nemelex Xobeh
Okawaru
Qazlal
Ru
Sif Muna
Trog
Uskayaw
Vehumet
Wu Jian
Xom
Yredelemnul
Zin
The Shining One
Lugonu

Shops:
D:1 :[=   D:6 :(   D:8 [   D:14 :?   Orc:2 :*([   Elf:2 (   Snake:2 [
Snake:3 ![!(   Vaults:1 =   Vaults:2 =   Depths:1 [:[   Depths:3 :==

Portals:
Hell: Depths:1 Depths:2 Depths:3 Depths:4
Abyss: D:7 Depths:2 Depths:3 Depths:4
Pandemonium: Depths:2
Ziggurat: Depths:2

Annotations:
D:7 2 transporters, kaesle's ghost, novice MDFi
D:12 exclusion: 2 orange crystal statues
Snake:4 Mara
Vaults:2 3 runed translucent doors, Asa's ghost, journeyman MiMo
Depths:4 1 runed translucent door
Zot:5 1 exclusion


Innate Abilities, Weirdness & Mutations

You regain HP and MP as you explore.
You have a pair of small horns on your head.
Your mind is acute. (Int +4, Str/Dex -1)
You are clumsy. (Dex -2)
Your body often deteriorates upon taking damage.
You have an increased reservoir of magic. (+10% MP)
You are very robust. (+20% HP)
You occasionally shout uncontrollably at your foes.
Potions are less effective at restoring your health.
You are extremely vulnerable to heat. (rF---)


Message History

The blast of flame hits you. You resist.
There is a stone staircase leading up here.
You slash the hellephant! You burn the hellephant.
You headbutt the hellephant, but do no damage.
The hellephant is lightly wounded.
Casting: Maxwell's Capacitive Coupling (mildly dangerous; 2% risk of failure)
Confirm with . or Enter, or press ? or * to list all spells.
You erupt in a fountain of uncontrolled magic!
The hellephant is blasted with magical radiation!!
The hellephant is lightly wounded.
You are very lightly contaminated with residual magic.
You block the hellephant's attack.
The hellephant bites you but does no damage.
The hellephant gores you but does no damage.
Casting: Irradiate (mildly dangerous; 1% risk of failure)
Confirm with . or Enter, or press ? or * to list all spells.
You erupt in a fountain of uncontrolled magic!
The hellephant is blasted with magical radiation!!!
The hellephant is moderately wounded.
The hellephant blinks!
The hellephant blinks!
There is a stone staircase leading up here.
You fly upwards.
There is a stone staircase leading down here.
There is a stone staircase leading up here.
You fly upwards.
There is a stone staircase leading down here.
You see here a +0 short sword.
A demonspawn black sun comes into view. It is wielding a +0 dire flail.
Unknown command.
Things that are here:
a hobgoblin skeleton; a ball python skeleton
Aiming: Dig
Press: ? - help, Shift-Dir - straight line A rock wall.
This square is covered in magical glow.
The rock shatters into small pieces.
Your magical contamination has completely faded away.
There is a staircase leading out of the dungeon here.
You have escaped!

######## ####### ### ##......#
#.....# ..# ##......##### #.###.#
..# #.......#@#.#### #.# #.# ..#
#.......##.....# #.# #.# ..#
#.......##.##.####.# #.# ..#
#.......#.###..#..## #.# ..###
#.......#.####...## #†### ..#.#
##......#..###.### #.... ....#
#...∩...##.##..# ##...
...#####.......##.###.#### #...
..(............#...#...#.#####...


There were no monsters in sight!

Vanquished Creatures
  the Royal Jelly (Slime:5)
  A pandemonium lord (D:15)
  A dread lich (Vaults:5)
  Frederick (Vaults:4)
  Mennas (Vaults:4)
  2 orbs of fire
  4 Killer Klowns
  Josephina (Zot:2)
  A shard shrike (Depths:4)
  Saint Roka (Vaults:4)
  Vashnia (Snake:4)
  3 curse toes
  12 golden dragons
  A bone dragon (Depths:4)
  A Tzitzimitl (D:15)
  2 hellephants (Zot:3)
  Jorgrun (D:15)
  18 tentacled monstrosities
  A lich (Depths:1)
  2 walking frostbound tomes
  6 Orb Guardians
  5 titans
  2 deep elf blademasters (Elf:3)
  7 quicksilver dragons
  4 sphinxes
  3 deep elf master archers (Elf:3)
  23 acid blobs
  6 death cobs
  11 shadow dragons
  8 tengu reavers
  3 protean progenitors
  Agnes (D:14)
  10 draconian monks
  Aizul (Vaults:1)
  Donald (Elf:2)
  4 nagarajas
  8 storm dragons
  8 rockslimes
  A fenstrider witch (Swamp:1)
  5 azure jellies
  16 frost giants
  12 fire giants
  17 vault wardens
  10 deep elf sorcerers
  10 draconian shifters
  11 draconian knights
  9 draconian scorchers
  4 deep elf elementalists (Elf:3)
  4 ghost moths
  3 iron dragons (Depths:3)
  Louise (Snake:2)
  4 spectral caustic shrikes (Depths:1)
  9 draconian stormcallers
  3 ghouls (Swamp:3)
  19 ironbound preservers
  4 ironbound thunderhulks
  11 quicksilver oozes
  3 formless jellyfish
  2 orc warlords
  20 very ugly things
  4 vampire knights
  16 stone giants
  13 draconian annihilators
  An eleionoma (Swamp:4)
  5 deep elf death magi (Elf:3)
  6 deep elf demonologists
  16 purple draconians
  16 black draconians
  20 white draconians
  11 deep elf annihilators
  24 yellow draconians
  14 green draconians
  10 spark wasps
  5 war gargoyles
  20 dire elephants
  16 red draconians
  7 bunyips
  Snorg (Orc:2)
  A merfolk javelineer (Depths:3)
  7 crystal guardians
  12 ettins
  12 fire dragons
  17 ragged hierophants (Desolation)
  3 shambling mangroves
  A quicksilver dragon zombie (Vaults:3)
  6 great orbs of eyes
  A merfolk impaler (D:14)
  Harold (Orc:1)
  5 salamander tyrants
  12 ice dragons
  6 deep elf high priests
  5 rakshasas
  18 yaktaur captains
  6 servants of whispers
  13 peacekeepers
  16 hydras
  9 ironbound frosthearts
  2 ghost crabs
  A merfolk avatar (D:14)
  12 alligators
  37 vault guards
  7 anacondas
  A radroach (shapeshifter) (Depths:2)
  16 centaur warriors
  3 boulder beetles
  28 dancing weapons
  9 deep troll shamans
  8 two-headed ogres
  A two-headed ogre (shapeshifter) (Elf:2)
  5 deep troll earth magi
  2 tengu warriors
  10 shock serpents
  11 naga warriors
  21 naga sharpshooters
  3 spriggan berserkers
  2 alligators (shapeshifter)
  A soul eater (Depths:2)
  7 hell knights
  3 vampire magi
  2 occultists
  4 orc high priests
  20 deep elf knights
  Amaemon (Lair:1)
  Sonja (D:11)
  A fire crab (Lair:5)
  6 goliath frogs
  13 iron trolls
  32 deep trolls
  A bunyip zombie (Swamp:2)
  7 mana vipers
  6 salamander mystics
  A mana viper (shapeshifter) (Vaults:5)
  8 arcanists
  A glowing orange brain (Depths:3)
  3 naga ritualists
  19 deep elf archers
  12 swamp dragons
  2 orb spiders (shapeshifter)
  Pikel (D:4)
  5 phantasmal warriors (Vaults:5)
  A flayed ghost (Vaults:5)
  7 bog bodies
  29 ironbound convokers
  12 lindwurms
  11 orc knights
  4 harpies (Vaults:2)
  An alligator zombie (Swamp:2)
  25 deep elf zephyrmancers
  8 necromancers
  A stone giant zombie (Vaults:3)
  A tengu skeleton (Depths:1)
  42 ugly things
  2 wolf spiders (Depths:4)
  2 human zombies
  32 deep elf pyromancers
  3 shining eyes
  A frost giant zombie (Vaults:1)
  9 orc sorcerers
  A faun (shapeshifter) (Depths:3)
  2 will-o-the-wisps
  21 moths of wrath
  A manticore (D:13)
  2 cyclopes
  13 elephants
  17 salamanders
  Maurice (D:8)
  6 kobold blastminers
  An elephant (shapeshifter) (Vaults:5)
  6 guardian serpents
  34 black mambas
  Joseph (D:8)
  A frost giant skeleton (Depths:1)
  9 vault sentinels
  2 eyes of devastation
  15 naga magi
  2 molten gargoyles
  A cane toad (shapeshifter) (Vaults:5)
  A gargoyle (D:11)
  An orange demon (Lair:2)
  A fire giant skeleton (Depths:1)
  Jeremiah (D:9)
  9 cane toads
  5 torpor snails (Lair:5)
  8 rime drakes
  A kobold demonologist (D:11)
  31 yaktaurs
  An unseen horror (D:12)
  Maggie (Lair:2)
  2 efreet
  7 tengu conjurers
  9 komodo dragons
  A freezing wraith (Vaults:5)
  Psyche (D:8)
  2 hydra zombies (Swamp:2)
  A spriggan skeleton (Depths:1)
  2 golden dragon simulacra (Zot:2)
  2 polar bears (Lair:4)
  A hellwing (D:15)
  5 trolls
  12 tyrant leeches
  68 saltlings
  24 hornets
  3 blink frogs (Lair:4)
  A draconian simulacrum (Zot:2)
  2 glass eyes (Slime:5)
  14 spriggans
  6 shadows
  8 water elementals
  136 slime creatures
  A vampire (D:8)
  Sigmund (D:5)
  2 air elementals
  3 fire elementals
  A wraith (D:12)
  A hog (shapeshifter) (Vaults:5)
  18 humans
  5 golden eyes
  Grum (D:8)
  8 basilisks
  5 wyverns
  35 yaks
  6 wargs
  5 steam dragons
  5 redbacks
  The ghost of Scrimshaw the Magician, an amateur GnHW (D:3)
  Menkaure (D:3)
  A green draconian simulacrum (Zot:2)
  An elf skeleton (Vaults:1)
  16 swamp worms
  15 vampire mosquitoes
  A human simulacrum (Vaults:3)
  46 nagas
  3 hydra simulacra
  18 water moccasins
  4 acid dragons
  A moth of wrath simulacrum (Zot:2)
  9 swamp drakes
  29 orc warriors
  A sky beast (D:8)
  A spriggan simulacrum (Depths:1)
  2 ice beasts (D:8)
  An ettin simulacrum (Vaults:3)
  A black bear (D:5)
  A swamp dragon zombie (Swamp:2)
  13 wolves
  5 ogres
  17 centaurs
  A phantom (D:3)
  4 kobold brigands
  15 bullfrogs
  A nameless horror (Orc:1)
  2 gnoll sergeants
  3 earth elementals
  6 scorpions
  A human skeleton (Vaults:1)
  A wight (D:8)
  A swamp dragon simulacrum (Swamp:2)
  5 killer bees (D:10)
  7 howler monkeys
  2 electric eels
  4 hounds
  8 jellies
  A bombardier beetle (D:3)
  15 orc priests
  2 sleepcaps
  5 iguanas
  Ijyb (D:4)
  21 orc wizards
  A hound zombie (D:3)
  2 scorpion simulacra (D:3)
  Robin (D:4)
  7 gnolls
  8 adders
  2 hound simulacra (D:3)
  A shadow imp (D:6)
  6 white imps
  4 ufetubi
  A ribbon worm (D:4)
  3 dart slugs
  2 adder simulacra (D:3)
  62 orcs
  11 ball pythons
  4 endoplasms
  7 giant cockroaches
  18 goblins
  13 hobgoblins
  15 kobolds
  A ball python zombie (D:3)
  2 bats
  5 frilled lizards
  2 rats (D:1)
2300 creatures vanquished.

Vanquished Creatures (collateral kills)
  Jory (Depths:4)
  2 protean progenitors
  An imperial myrmidon (Desolation)
  An eleionoma (Swamp:3)
  An ice dragon (D:15)
  2 spriggans (Swamp:3)
  A bog body (Swamp:3)
  2 shining eyes
  A vault sentinel (Vaults:5)
  A hornet (Swamp:3)
  2 slime creatures (Slime:2)
  3 humans (D:14)
18 creatures vanquished.

Vanquished Creatures (others)
  A tentacled monstrosity (Zot:2)
  A ghost moth (Zot:3)
  A purple draconian (Zot:2)
  A white draconian (Zot:2)
  A peacekeeper (Vaults:4)
  A naga ritualist (Snake:4)
  2 deep elf zephyrmancers
  A guardian serpent (Snake:2)
  2 bloated husks
  A shadow (D:13)
  An orc (D:7)
  18 foxfires
31 creatures vanquished.

Grand Total: 2349 creatures vanquished

Notes
Turn   | Place    | Note
-------+----------+-------------------------------------------
     0 | D:1      | tevi the Human Reaver began the quest for the Orb.
     0 | D:1      | Reached XP level 1. HP: 16/16 MP: 3/3
   109 | D:1      | Found Buipnur's Magic Scroll Boutique.
   144 | D:1      | Reached XP level 2. HP: 22/22 MP: 5/5
   177 | D:1      | Learned a level 2 spell: Momentum Strike
   181 | D:1      | Reached skill level 1 in Necromancy
   316 | D:1      | Found Maocix's Antique Armour Emporium.
   322 | D:1      | Reached XP level 3. HP: 27/27 MP: 6/6
   329 | D:1      | Learned a level 3 spell: Hailstorm
   406 | D:1      | Found Ilas's Jewellery Emporium.
   448 | D:1      | Found Dimn's Book Shop.
   648 | D:2      | Reached skill level 1 in Translocations
   805 | D:2      | Reached XP level 4. HP: 20/33 MP: 8/8
  1393 | D:3      | Found a runed translucent gate.
  1394 | D:3      | Found a runed translucent gate.
  1395 | D:3      | Found a runed translucent gate.
  1435 | D:3      | Found a transporter.
  1462 | D:3      | Noticed a phantom
  1513 | D:3      | Found an ancient bone altar of Kikubaaqudgha.
  1513 | D:3      | Found a basalt altar of Yredelemnul.
  1514 | D:3      | Noticed Menkaure
  1535 | D:3      | Found a transporter.
  1619 | D:3      | Reached XP level 5. HP: 27/38 MP: 6/9
  1757 | D:3      | Noticed Scrimshaw's ghost (amateur GnHW)
  1794 | D:3      | Found a shimmering blue altar of Sif Muna.
  1874 | D:3      | Reached skill level 1 in Ice Magic
  2061 | D:3      | Got Sif Muna's Essays on Hexes
  2265 | D:4      | Reached XP level 6. HP: 44/44 MP: 11/11
  2290 | D:4      | Noticed Robin
  2310 | D:4      | Killed Robin
  2470 | D:4      | Noticed Ijyb
  2492 | D:4      | Killed Ijyb
  2553 | D:4      | Noticed Pikel
  2596 | D:4      | Killed Pikel
  2597 | D:4      | Reached skill level 5 in Long Blades
  2597 | D:4      | Reached skill level 5 in Conjurations
  2597 | D:4      | Reached XP level 7. HP: 24/50 MP: 9/13
  2924 | D:4      | Reached XP level 8. HP: 56/56 MP: 10/14
  3432 | D:5      | Entered Level 5 of the Dungeon
  4242 | D:5      | Noticed Sigmund
  4247 | D:5      | Killed Sigmund
  4922 | D:6      | Reached skill level 5 in Spellcasting
  4990 | D:6      | Reached XP level 9. HP: 23/61 MP: 4/16
  5144 | D:6      | Found Dohaic Sokh's Book Shop.
  5154 | D:6      | Bought a book of Frost for 240 gold pieces
  5158 | D:6      | Learned a level 3 spell: Frozen Ramparts
  5199 | D:6      | Found a staircase to the Ecumenical Temple.
  5263 | Temple   | Entered the Ecumenical Temple
  5999 | D:6      | Found Imykuoff's Antique Weapon Boutique.
  6066 | D:6      | Found a glowing golden altar of the Shining One.
  6849 | D:7      | Found a transporter.
  6855 | D:7      | Found a one-way gate to the infinite horrors of the Abyss.
  6855 | D:7      | Found a transporter.
  6855 | D:7      | Noticed kaesle's ghost (novice MDFi)
  6910 | D:7      | Noticed a brown ugly thing
  7019 | D:7      | Found a shimmering altar of Xom.
  7070 | D:7      | Reached skill level 5 in Ice Magic
  7223 | D:8      | Noticed a hornet
  7223 | D:8      | Noticed Joseph
  7468 | D:8      | Identified the +7 long sword of Skirmishing {pain, ^Fragile
                  | Str-3 Int+5 SInv}
  7509 | D:8      | Noticed Maurice
  7530 | D:8      | Killed Maurice
  7693 | D:8      | Noticed an elephant
  7744 | Temple   | Became a worshipper of Gozag Ym Sagoz the Greedy
  7794 | D:8      | Reached skill level 1 in Shields
  7794 | D:8      | Reached XP level 10. HP: 73/73 MP: 9/19
  7811 | D:7      | Reached skill level 5 in Fighting
  7922 | D:8      | Noticed Grum
  8081 | D:8      | Killed Grum
  8148 | D:8      | Reached skill level 5 in Shields
  8375 | D:8      | Killed Joseph
  9036 | D:8      | Found a staircase to the Lair.
  9089 | D:8      | Killed an elephant
  9090 | D:8      | Reached XP level 11. HP: 61/86 MP: 6/20
  9331 | D:8      | Noticed Psyche
  9336 | D:8      | Killed Psyche
  9808 | D:9      | Noticed Jeremiah
  9819 | D:8      | Reached skill level 10 in Long Blades
 10082 | D:9      | Found a sacrificial altar of Ru.
 10178 | D:9      | Noticed a two-headed ogre
 10197 | D:9      | Killed a two-headed ogre
 10198 | D:9      | Found a flagged portal.
 10210 | Bailey   | Entered a bailey
 10546 | Bailey   | Noticed a two-headed ogre
 10560 | Bailey   | Killed a two-headed ogre
 10784 | D:9      | Killed Jeremiah
 11457 | D:10     | Entered Level 10 of the Dungeon
 11537 | D:10     | Noticed a two-headed ogre
 11567 | D:10     | Killed a two-headed ogre
 11568 | D:10     | Reached skill level 5 in Dodging
 11874 | D:10     | Found a stormy altar of Qazlal.
 11934 | D:10     | Found a bloodstained altar of Trog.
 11990 | D:10     | Noticed a two-headed ogre
 12016 | D:10     | Killed a two-headed ogre
 12117 | D:10     | Reached XP level 12. HP: 89/92 MP: 24/24
 12340 | D:10     | Noticed a two-headed ogre
 12358 | D:10     | Killed a two-headed ogre
 12720 | D:11     | Noticed Sonja
 12724 | D:11     | Killed Sonja
 12903 | D:11     | Reached skill level 1 in Throwing
 12981 | D:11     | Found a staircase to the Orcish Mines.
 13112 | D:11     | Noticed a two-headed ogre
 13124 | D:11     | Killed a two-headed ogre
 14028 | D:6      | Bought a book of Vapours for 312 gold pieces
 14034 | D:6      | Learned a level 5 spell: Freezing Cloud
 14138 | D:1      | Bought a scroll of teleportation for 42 gold pieces
 14138 | D:1      | Bought a scroll of identify for 28 gold pieces
 14138 | D:1      | Bought a scroll of butterflies for 56 gold pieces
 14138 | D:1      | Bought a scroll of identify for 28 gold pieces
 14138 | D:1      | Bought a scroll of silence for 133 gold pieces
 14138 | D:1      | Bought a scroll of butterflies for 56 gold pieces
 14138 | D:1      | Bought a scroll of blinking for 105 gold pieces
 14138 | D:1      | Bought a scroll of silence for 133 gold pieces
 14280 | Lair:1   | Entered Level 1 of the Lair of Beasts
 14525 | Lair:1   | Reached skill level 1 in Air Magic
 14657 | Lair:1   | You fall into a shaft and drop 1 floor!
 15126 | Lair:2   | Noticed Maggie
 15135 | Lair:2   | Killed Maggie
 15234 | Lair:2   | Noticed Amaemon
 15438 | Lair:1   | Killed Amaemon
 15460 | Lair:1   | Reached XP level 13. HP: 43/98 MP: 12/25
 16219 | Lair:3   | Found a staircase to the Snake Pit.
 16323 | Lair:3   | Reached skill level 5 in Air Magic
 17063 | Lair:3   | Found a staircase to the Swamp.
 17374 | Snake:1  | Entered Level 1 of the Snake Pit
 17891 | Lair:4   | Reached skill level 10 in Spellcasting
 18617 | Lair:4   | Reached XP level 14. HP: 101/105 MP: 20/29
 19486 | Lair:5   | Entered Level 5 of the Lair of Beasts
 19812 | Lair:5   | Found a staircase to the Slime Pits.
 20372 | Lair:5   | Paralysed by a hornet for 2 turns
 21681 | Lair:5   | Identified the +9 scimitar of the Philosopher {flame, rElec
                  | rF+}
 22013 | D:3      | Killed Scrimshaw's ghost
 22103 | D:3      | Found a transporter.
 22105 | D:3      | Found a transporter.
 22116 | D:3      | Found a basalt altar of Yredelemnul.
 22128 | D:3      | Found an ancient bone altar of Kikubaaqudgha.
 22297 | D:3      | Found a shimmering blue altar of Sif Muna.
 22402 | D:3      | Found a transporter.
 22404 | D:3      | Found a transporter.
 22415 | D:3      | Found a basalt altar of Yredelemnul.
 22427 | D:3      | Found an ancient bone altar of Kikubaaqudgha.
 22690 | D:3      | Found a shimmering blue altar of Sif Muna.
 22721 | D:3      | Found a shimmering blue altar of Sif Muna.
 22805 | D:3      | Found a transporter.
 22810 | D:3      | Found a transporter.
 22913 | D:3      | Found a basalt altar of Yredelemnul.
 22925 | D:3      | Found an ancient bone altar of Kikubaaqudgha.
 23062 | D:3      | Killed Menkaure
 23212 | D:3      | Learned a level 4 spell: Summon Lightning Spire
 23424 | Orc:1    | Entered Level 1 of the Orcish Mines
 23692 | Orc:2    | Entered Level 2 of the Orcish Mines
 24002 | Orc:2    | Found a staircase to the Elven Halls.
 24020 | Orc:1    | Noticed Harold
 24031 | Orc:1    | Killed Harold
 24481 | Orc:2    | Found Selisots's Antique Armour Shop.
 24484 | Orc:2    | Reached skill level 1 in Summonings
 24738 | Orc:2    | Reached XP level 15. HP: 80/115 MP: 23/31
 24893 | Orc:2    | Reached skill level 10 in Fighting
 25239 | Orc:2    | Noticed Snorg
 25243 | Orc:2    | Killed Snorg
 25280 | Orc:2    | Found Alea's Book Emporium.
 25392 | Orc:2    | Found Curud's General Store.
 25417 | Orc:2    | Found Fofets's Antique Weapon Boutique.
 25607 | Orc:2    | Noticed an orc warlord
 25836 | Orc:2    | Found a staircase to the Elven Halls.
 25867 | Orc:2    | Found Alea's Book Emporium.
 25902 | Orc:2    | Killed an orc warlord
 26044 | Orc:2    | Bought the +0 mask of the Dragon {Will+ Slay+3 SInv} for
                  | 835 gold pieces
 26044 | Orc:2    | Found the +0 mask of the Dragon {Will+ Slay+3 SInv}
 26057 | Orc:2    | Bought a pair of runed boots for 187 gold pieces
 26105 | Orc:2    | Bought a bloodstained scimitar for 261 gold pieces
 26105 | Orc:2    | Identified the +8 scimitar "Waczoa" {pain, rC+} (You bought
                  | it in a shop on level 2 of the Orcish Mines)
 27673 | D:13     | Identified the ring of Jixtaly {AC+4 Int+3}
 28540 | D:14     | Found a runed translucent door.
 28632 | D:14     | Noticed Agnes
 28640 | D:14     | Killed Agnes
 29060 | D:14     | Found a runed translucent door.
 29085 | D:14     | Found a runed translucent door.
 29604 | D:14     | Found a gate to the Vaults.
 30367 | D:15     | Entered Level 15 of the Dungeon
 30390 | D:14     | Reached skill level 10 in Air Magic
 30395 | D:14     | Reached skill level 1 in Armour
 30398 | D:14     | Reached XP level 16. HP: 94/127 MP: 17/33
 30646 | D:15     | Noticed Jorgrun
 30660 | D:15     | Killed Jorgrun
 30764 | D:15     | Reached skill level 5 in Armour
 31575 | D:15     | Found a staircase to the Depths.
 31992 | Swamp:1  | Entered Level 1 of the Swamp
 32461 | Swamp:1  | Identified the +0 chain mail of the Armadillo {Str+4}
 32518 | Swamp:1  | Noticed a fenstrider witch
 32530 | Swamp:1  | Killed a fenstrider witch
 35330 | Swamp:3  | Reached XP level 17. HP: 89/133 MP: 26/35
 35685 | Swamp:4  | Entered Level 4 of the Swamp
 35765 | Swamp:4  | Noticed a tentacled monstrosity
 35794 | Swamp:4  | Killed a tentacled monstrosity
 35795 | Swamp:4  | Reached skill level 10 in Conjurations
 36391 | D:8      | Bought a fine cloak for 342 gold pieces
 36391 | D:8      | Identified the +0 cloak "Poty" {^Contam rPois Dex+2 SInv}
                  | (You bought it in a shop on level 8 of the Dungeon)
 36391 | D:8      | Bought a pair of twisted gloves for 342 gold pieces
 36391 | D:8      | Identified the +0 pair of gloves of Infinity {rElec rF++
                  | Str+3 Dex-3} (You bought it in a shop on level 8 of the
                  | Dungeon)
 36799 | Swamp:4  | Got a decaying rune of Zot
 37974 | Snake:1  | Reached skill level 15 in Conjurations
 38987 | D:6      | Bought a book of Transmutation for 336 gold pieces
 38993 | D:6      | Learned a level 5 spell: Irradiate
 39143 | Snake:2  | Reached skill level 1 in Alchemy
 39386 | Snake:2  | Reached XP level 18. HP: 104/140 MP: 24/36
 40055 | Snake:2  | Found Wogeith's Armour Boutique.
 40207 | Snake:2  | Noticed Louise
 40216 | Snake:2  | Killed Louise
 40734 | Snake:3  | Found Juloxucw's Distillery.
 40736 | Snake:3  | Found Hilawimo's Distillery.
 40738 | Snake:3  | Found Yxzien's Weapon Shoppe.
 40742 | Snake:3  | Bought a potion of heal wounds for 90 gold pieces
 40742 | Snake:3  | Bought a potion of heal wounds for 90 gold pieces
 40742 | Snake:3  | Bought 2 potions of curing for 108 gold pieces
 40742 | Snake:3  | Bought a potion of heal wounds for 90 gold pieces
 40742 | Snake:3  | Bought a potion of haste for 180 gold pieces
 40742 | Snake:3  | Bought a potion of heal wounds for 90 gold pieces
 40786 | Snake:3  | Reached skill level 10 in Dodging
 41755 | Snake:4  | Entered Level 4 of the Snake Pit
 42815 | Snake:4  | Noticed a quicksilver dragon
 42845 | Snake:4  | Reached skill level 10 in Armour
 43007 | Snake:4  | Killed a quicksilver dragon
 43262 | Snake:4  | Got a serpentine rune of Zot
 43555 | Snake:4  | Noticed Vashnia
 43583 | Snake:4  | Killed Vashnia
 43927 | Snake:4  | Noticed Mara
 44113 | Snake:4  | Found a radiant altar of Vehumet.
 44310 | Snake:4  | Noticed tevi's illusion
 44443 | Snake:4  | Reached XP level 19. HP: 126/149 MP: 22/37
 45482 | Snake:4  | Found a radiant altar of Vehumet.
 46120 | Vaults:1 | Entered Level 1 of the Vaults
 46224 | Vaults:1 | Found a crumbling gateway.
 46279 | Desolati | Entered the Desolation of Salt
 46480 | Desolati | Identified the +0 ring mail of Quysh {Str+2}
 47051 | Desolati | Found the +8 frozen axe "Frostbite" {freeze, freezing
                  | cloud, *Noise Fly rC+}
 47053 | Desolati | Got the Verses on the Fetching Wendigo
 47296 | Desolati | Identified the ring "Axovat" {rF+ rCorr Str+4 Dex-4}
 47301 | Desolati | Identified the +4 ring mail "Jull" {rElec Int+6 Dex-2}
 47306 | Desolati | Identified the ring "Yler" {Wiz rC+ Str-5 SInv}
 48121 | Desolati | Got the Precepts of the Map
 48216 | Desolati | Identified the ring "Dynoaf" {Ice Will+ rCorr Dex+4}
 48287 | Desolati | Identified the +8 pearl dragon scales "Povim" {rN+ Int+3}
 48427 | Desolati | Got the Writings on Summoned Execration
 48456 | Desolati | Identified the ring of the Death Scarab {rF+ Stlth+}
 48621 | Desolati | Got the Disquisition on the Gaseous Retinue
 49047 | Vaults:1 | Identified the serpent talisman of Gravitas {+Blink Str-2
                  | Int+9}
 49047 | Vaults:1 | Noticed Aizul
 49065 | Vaults:1 | Killed Aizul
 49394 | Vaults:1 | Identified the amulet of Bemiq {Acrobat Dex+3}
 49674 | Vaults:1 | Reached XP level 20. HP: 112/160 MP: 5/38
 50053 | Vaults:1 | Reached skill level 15 in Fighting
 50349 | Vaults:1 | Found Ypamootsiej's Jewellery Shoppe.
 51306 | Vaults:2 | Reached skill level 5 in Alchemy
 52788 | Vaults:2 | Found Molenn's Jewellery Shop.
 52796 | Vaults:2 | Bought the ring of Day {Fly rPois Will+} for 480 gold
                  | pieces
 52970 | Vaults:2 | Found a runed translucent gate.
 52970 | Vaults:2 | Found a runed translucent gate.
 52970 | Vaults:2 | Found a runed translucent gate.
 52972 | Vaults:2 | Noticed Asa's ghost (journeyman MiMo)
 53063 | Vaults:3 | Identified the ring "Zeim" {Fly rC+ Str+3 Int+4}
 53425 | Vaults:3 | Found a staircase to the Crypt.
 53601 | Vaults:3 | Identified the +6 scale mail of the Comet {Str+3 Dex+3
                  | Slay+2}
 53620 | Vaults:3 | Identified the +1 robe of Hedging {Int+3 Dex+3}
 54410 | Vaults:3 | Reached XP level 21. HP: 114/177 MP: 22/39
 55090 | Vaults:3 | You fall into a shaft and drop 1 floor!
 55096 | Vaults:4 | Noticed Mennas
 55460 | Vaults:4 | Identified the +6 short sword of Qicev {elec, Dex+3}
 55594 | Vaults:4 | Killed Mennas
 56036 | Vaults:4 | Identified the orb of the Everdark {*channel, Dex+3 Necro
                  | Earth}
 56036 | Vaults:4 | Noticed Frederick
 56637 | Vaults:4 | Killed Frederick
 57424 | Vaults:4 | Noticed Saint Roka
 57452 | Vaults:4 | Killed Saint Roka
 57716 | Vaults:4 | Reached skill level 15 in Armour
 57716 | Vaults:4 | Reached skill level 15 in Dodging
 57907 | Vaults:5 | Entered Level 5 of the Vaults
 57916 | Vaults:4 | Reached skill level 5 in Evocations
 57917 | Vaults:4 | Gained mutation: You are vulnerable to heat. (rF-)
                  | [mutagenic glow]
 57964 | Vaults:4 | Lost mutation: You are vulnerable to heat. (rF-) [potion of
                  | mutation]
 57964 | Vaults:4 | Gained mutation: You have a pair of small horns on your
                  | head. [potion of mutation]
 57964 | Vaults:4 | Gained mutation: You are somewhat resistant to further
                  | mutation. [potion of mutation]
 57964 | Vaults:4 | Gained mutation: Your flesh is heat resistant. (rF+)
                  | [potion of mutation]
 58539 | Vaults:5 | Reached XP level 22. HP: 184/184 MP: 40/40
 58615 | Vaults:5 | Identified the staff of Lynwio {rElec rF+ SInv Air}
 59158 | Vaults:5 | Got a silver rune of Zot
 59199 | Vaults:5 | Noticed a golden dragon
 59215 | Vaults:5 | Killed a golden dragon
 59407 | Vaults:5 | Noticed a dread lich
 59427 | Vaults:5 | Killed a dread lich
 59500 | Vaults:5 | Reached skill level 10 in Evocations
 59639 | Vaults:5 | Identified the ring "Holuirua" {rPois rC+ Int+7 Dex-4}
 60360 | Vaults:5 | Identified the +5 arbalest of Big Damage {freeze, rN+ Int+5
                  | Dex-4}
 60887 | Vaults:5 | Noticed a golden dragon
 60925 | Vaults:5 | Killed a golden dragon
 61249 | Vaults:5 | Identified the +12 long sword of Duty {flame, rCorr Int+3}
 61416 | Vaults:5 | Reached skill level 10 in Shields
 61445 | Vaults:5 | Identified the +1 pair of gloves "Hupleac" {-Cast rF+
                  | Str+3}
 61459 | Vaults:5 | Identified the +3 mace of the Hawk {freeze, ^Fragile Str+2
                  | Dex+4}
 62189 | Vaults:5 | Identified the +2 robe of the Other Side {Str+8 Int+3}
 62473 | D:14     | Bought 3 scrolls of teleportation for 216 gold pieces
 62560 | Depths:1 | Entered Level 1 of the Depths
 63079 | Depths:1 | Reached XP level 23. HP: 148/187 MP: 27/41
 63121 | Depths:1 | Found an iron altar of Okawaru.
 63282 | Depths:1 | Found a gateway to Hell.
 63289 | Depths:1 | Found Imocreh's Book Shoppe.
 63298 | Depths:1 | Reached skill level 15 in Shields
 63590 | Depths:1 | Bought a book of the Spheres for 1152 gold pieces
 63598 | Depths:1 | Learned a level 7 spell: Orb of Destruction
 63739 | Depths:1 | Found Jips's Armour Shop.
 63820 | Depths:1 | Found Qaogud's Antique Armour Shop.
 64164 | Depths:1 | Bought a manual of Conjurations for 1440 gold pieces
 64504 | Depths:2 | Found a blossoming altar of Fedhas.
 64965 | Depths:2 | Found a corrupted altar of Lugonu.
 64986 | Depths:2 | Found a one-way gateway to a ziggurat.
 65155 | Depths:2 | Identified the amulet of Cuntecoa {Faith rF++ Str+3}
 65343 | Depths:2 | Found a one-way gate leading to the halls of Pandemonium.
 65971 | Depths:3 | Identified the amulet "Vyimp" {Acrobat rN+ Str+3}
 66008 | Depths:3 | Identified the staff of Darkness {rCorr Conj Fire}
 66177 | Depths:3 | Found Heoph's Jewellery Shop.
 66178 | Depths:3 | Found Eklezihe's Book Shoppe.
 66179 | Depths:3 | Found Qonoff's Jewellery Shop.
 66206 | Depths:3 | Identified the +4 great sword "Ycoch" {vamp, Fly rF+ Str-3
                  | Dex+2}
 66372 | Depths:3 | Noticed a golden dragon
 66383 | Depths:3 | Killed a golden dragon
 67327 | Depths:3 | Identified the amulet of Dithmenos's Approval {Faith rF++
                  | Int+5}
 67586 | Depths:3 | Reached XP level 24. HP: 197/197 MP: 32/41
 67624 | Depths:3 | Identified the +6 whip of Kabyqadi {venom, rElec Int-4
                  | Dex+5 Stlth-}
 67624 | Depths:3 | Identified the +3 rapier of Teohuerasa {drain, Int+6}
 67733 | Depths:3 | Gained mutation: You are frail. (-10% HP) [a shining eye]
 67751 | Depths:3 | Lost mutation: You are somewhat resistant to further
                  | mutation. [potion of mutation]
 67751 | Depths:3 | Lost mutation: Your flesh is heat resistant. (rF+) [potion
                  | of mutation]
 67751 | Depths:3 | Gained mutation: You are clumsy. (Dex -2) [potion of
                  | mutation]
 67751 | Depths:3 | Lost mutation: You are clumsy. (Dex -2) [potion of
                  | mutation]
 67751 | Depths:3 | Gained mutation: You are partially covered in iridescent
                  | scales. (AC +2) [potion of mutation]
 67751 | Depths:3 | Gained mutation: Your flesh is cold resistant. (rC+)
                  | [potion of mutation]
 67752 | Depths:3 | Lost mutation: You are frail. (-10% HP) [potion of
                  | mutation]
 67752 | Depths:3 | Lost mutation: Your flesh is cold resistant. (rC+) [potion
                  | of mutation]
 67752 | Depths:3 | Gained mutation: Your muscles are strong. (Str +4, Int/Dex
                  | -1) [potion of mutation]
 68181 | Depths:4 | Entered Level 4 of the Depths
 68736 | Depths:4 | Noticed Jory
 68747 | Depths:4 | Killed Jory
 68797 | Depths:4 | Found a broken altar of Ashenzari.
 69267 | Depths:4 | Gained mutation: Your body sometimes deteriorates upon
                  | taking damage. [mutagenic glow]
 69566 | Depths:4 | Found a runed translucent door.
 69566 | Depths:4 | Found a gate to the Realm of Zot.
 69668 | Depths:4 | Found a runed translucent door.
 69681 | Depths:4 | Found a runed translucent door.
 69725 | Depths:4 | Found a runed translucent door.
 69975 | Depths:4 | Found a runed translucent door.
 70050 | Depths:4 | Found a runed translucent door.
 70666 | Depths:1 | Bought a book of Spectacle for 864 gold pieces
 70675 | Depths:1 | Learned a level 8 spell: Maxwell's Capacitive Coupling
 70812 | Zot:1    | Entered Level 1 of the Realm of Zot
 70812 | Zot:1    | Noticed an orb of fire
 70813 | Zot:1    | Gained mutation: Armour fits poorly on your strangely
                  | shaped body. [an orb of fire]
 70815 | Zot:1    | Gained mutation: You are clumsy. (Dex -2) [an orb of fire]
 70832 | Zot:1    | Gained mutation: You are vulnerable to heat. (rF-) [an orb
                  | of fire]
 70835 | Zot:1    | Killed an orb of fire
 70961 | Zot:1    | Noticed a shard shrike
 70974 | Depths:4 | Killed a shard shrike
 72303 | Zot:1    | You are sucked into a shaft and drop 1 floor!
 72415 | Zot:2    | Reached XP level 25. HP: 185/213 MP: 5/41
 72459 | Zot:2    | Identified the ring "Foudil" {Ice *Corrode Will+ Str+4
                  | Dex+9}
 72459 | Zot:2    | Noticed Josephina
 72476 | Zot:2    | Killed Josephina
 74404 | Zot:1    | Reached skill level 15 in Spellcasting
 74747 | Zot:2    | Found a stormy altar of Qazlal.
 76102 | Zot:2    | Identified the +1 chain mail "Pugil" {rF- rCorr Dex+2}
 76839 | Elf:1    | Entered Level 1 of the Elven Halls
 77067 | Elf:1    | Got the Excursus on Blows
 77656 | Elf:1    | Reached skill level 15 in Air Magic
 78177 | Elf:2    | Found Redwer's Antique Weapon Shop.
 78212 | Elf:2    | Found a runed translucent gate.
 78223 | Elf:2    | Found a runed translucent gate.
 78224 | Elf:2    | Found a runed translucent gate.
 78850 | Elf:2    | Reached XP level 26. HP: 196/222 MP: 29/42
 79662 | Elf:2    | Noticed Donald
 79667 | Elf:2    | Killed Donald
 79873 | Elf:3    | Entered Level 3 of the Elven Halls
 79976 | Elf:3    | Learned a level 5 spell: Arcjolt
 80273 | Elf:3    | Paralysed by an air elemental for 1 turns
 82007 | Elf:3    | Identified the +3 plate armour of Reph {rElec rPois Stlth-}
 82429 | Elf:3    | Identified the ring of Ycuutatt {rPois Will- Str+4 Int+6
                  | Stlth+}
 82472 | Elf:3    | Identified the ring "Maytema" {Will+ Int+3 Dex+6 Slay+2
                  | Stlth+}
 82493 | Elf:3    | Identified the +5 scale mail of the Elven Halls {rC+ rCorr}
 82516 | Elf:3    | Got the Book of the Serac
 82520 | Elf:3    | Identified the +2 pair of boots "Heutifoy" {rC- Int+2 SInv}
 82985 | Slime:1  | Entered Level 1 of the Pits of Slime
 83497 | Slime:2  | Gained mutation: You occasionally lose the ability to drink
                  | potions when taking damage. [a shining eye]
 83512 | Slime:2  | Gained mutation: You are robust. (+10% HP) [a shining eye]
 83592 | Slime:3  | Gained mutation: Your body often deteriorates upon taking
                  | damage. [a shining eye]
 83893 | Slime:4  | Gained mutation: You have an increased reservoir of magic.
                  | (+10% MP) [a shining eye]
 83961 | Slime:5  | Entered Level 5 of the Pits of Slime
 84587 | Slime:5  | Noticed the Royal Jelly
 84592 | Slime:5  | Killed the Royal Jelly
 84643 | Slime:4  | Gained mutation: You are very vulnerable to heat. (rF--)
                  | [mutagenic glow]
 85409 | Slime:3  | Reached XP level 27. HP: 250/250 MP: 48/48
 85645 | Slime:5  | Identified the +8 scimitar of Shame {vamp, Will- Str+3
                  | SInv}
 86174 | Slime:5  | Identified the +3 ring mail "Xyumoj" {rElec Will+ Int-2}
 86176 | Slime:5  | Got a slimy rune of Zot
 86674 | Slime:5  | Identified the ring "Jaklodi" {Ice Int+2 Dex-5 Slay+5}
 86975 | Slime:5  | Lost mutation: Armour fits poorly on your strangely shaped
                  | body. [potion of mutation]
 86975 | Slime:5  | Lost mutation: Your muscles are strong. (Str +4, Int/Dex
                  | -1) [potion of mutation]
 86975 | Slime:5  | Gained mutation: You are extremely vulnerable to heat.
                  | (rF---) [potion of mutation]
 86975 | Slime:5  | Gained mutation: Your mind is acute. (Int +4, Str/Dex -1)
                  | [potion of mutation]
 87136 | Snake:3  | Bought a potion of mutation for 128 gold pieces
 87136 | Snake:3  | Lost mutation: You occasionally lose the ability to drink
                  | potions when taking damage. [potion of mutation]
 87136 | Snake:3  | Lost mutation: You are partially covered in iridescent
                  | scales. (AC +2) [potion of mutation]
 87136 | Snake:3  | Gained mutation: You are very robust. (+20% HP) [potion of
                  | mutation]
 87175 | Snake:3  | Bought the +5 Storm Queen's Shield {shock, Fly rElec} for
                  | 1596 gold pieces
 87175 | Snake:3  | Found the +5 Storm Queen's Shield {shock, Fly rElec}
 87795 | Zot:3    | Learned a level 2 spell: Call Imp
 87824 | Zot:3    | Learned a level 9 spell: Chain Lightning
 89587 | Zot:3    | Noticed an orb of fire
 89589 | Zot:2    | Gained mutation: You occasionally shout uncontrollably at
                  | your foes. [an orb of fire]
 89600 | Zot:2    | Killed an orb of fire
 89607 | Zot:2    | Gained mutation: Potions are less effective at restoring
                  | your health. [mutagenic glow]
 92473 | Zot:5    | Entered Level 5 of the Realm of Zot
 93879 | Zot:5    | Noticed an ancient lich
 93883 | Zot:5    | Noticed a dread lich
 93883 | Zot:5    | Noticed an orb of fire
 93886 | Zot:5    | Got the Orb of Zot
 93973 | Depths:4 | Noticed a seraph
 94131 | D:15     | Noticed Socoxuunt the pandemonium lord
 94134 | D:15     | Killed Socoxuunt the pandemonium lord
 94402 | D:9      | Noticed Xuefoex the pandemonium lord
 94619 | D:$      | Escaped with the Orb!

Illustrated notes

Levels and vault maps discovered:
D:1:      dpeg_arrival_round_a, layout_rooms, serial_shops,
          nicolae_shop_waterfront, shop, shop, nicolae_shop_waterfront,
          st_stairs_6
D:2:      layout_rooms
D:3:      layout_rooms, gammafunk_temple_of_torment, led_sif_book,
          gammafunk_ghost_icy
D:4:      layout_basic, uniq_pikel, uniq_menkaure, uniq_ijyb, uniq_robin
D:5:      layout_basic, serial_co_window_serial, co_window_paths_a,
          co_window_of_opportunity_a, co_window_paths_b, co_window_paths_a,
          co_window_paths_a, co_window_cross_2, co_window_2corner,
          co_window_corner_b, co_window_2corner, co_window_paths_e,
          co_window_sun, uniq_sigmund
D:6:      layout_layer_cave, nicolae_tso_swordbearing_angel,
          minmay_temple_entry_large_hall, serial_shops, nicolae_shop_peninsula,
          nicolae_stop_n_shop_2
D:7:      layout_cave_pools, marbit_many_paths, gammafunk_ghost_abyssal_escape,
          chequers_serial_rivers_micro_d
D:8:      minmay_s_stair_smasher, layout_layer_cave, david_lair_generic,
          nicolae_letterblocks [nicolae_letter_subblock,
          nicolae_letter_subblock, nicolae_letter_subblock,
          nicolae_letter_subblock, nicolae_letter_subblock,
          nicolae_letter_subblock, nicolae_letter_subblock,
          nicolae_letter_subblock, nicolae_letter_subblock,
          nicolae_letter_subblock, nicolae_letter_subblock,
          nicolae_letter_subblock, nicolae_letter_subblock,
          nicolae_letter_subblock, nicolae_letter_subblock,
          nicolae_letter_subblock, nicolae_letter_subblock,
          nicolae_letter_subblock, nicolae_letter_subblock,
          nicolae_letter_subblock, nicolae_letter_subblock,
          nicolae_letter_subblock, nicolae_letter_subblock,
          nicolae_letter_subblock, nicolae_letter_subblock], uniq_joseph,
          uniq_grum, uniq_psyche, uniq_maurice
D:9:      layout_irregular_city, nicolae_ru_awakened_eye, enter_bailey_6,
          uniq_jeremiah
D:10:     layout_irregular_city, mainiacjoe_overflow_alcove_1,
          mainiacjoe_overflow_concentric_impassable, minivault_1
D:11:     layout_roguey, erik_orc_3, serial_glass, glass_columns_a,
          glass_columns_b, due_unseen_surprise, minmay_strange_pillars,
          uniq_sonja
D:12:     layout_layer_cave, minmay_more_statues
D:13:     layout_loops_ring, kennysheep_generic_room_14
D:14:     layout_roguey, grunt_vaults_entry_tiered, mikee_hates_you, uniq_agnes
D:15:     grunt_enter_depths_hoard, layout_long_grid, uniq_jorgrun
Temple:   eino_temple_lava
Lair:1:   layout_regular_city
Lair:2:   layout_hall_layers, serial_bayou_shore_a, uniq_amaemon, uniq_maggie
Lair:3:   layout_long_grid, minmay_swamp_entry_worms,
          minmay_snake_entry_six_corridors, serial_bayou_pond_d,
          wad_woods_road_05
Lair:4:   onia_ninara_swampy_vault, layout_long_grid, gauntlet_entry_generic
Lair:5:   guppyfry_lair_end_dragon, layout_gridlike, wormcave,
          minmay_slime_entry_pillars, minmay_lindwurm_lava
Swamp:1:  layout_basic_swamp, evilmike_swamp_ruin_house_5,
          nicolae_swamp_decorative_isthmus, nicolae_swamp_tree_isthmus
Swamp:2:  layout_basic_swamp, evilmike_swamp_ruin_house_3, swamp_pool_1_2,
          nicolae_swamp_necromancer_hut
Swamp:3:  layout_basic_swamp, evilmike_swamp_ruin_house_2
Swamp:4:  swamp_alternative, layout_basic_swamp
Snake:1:  cheibrodos_snake_lava_hold, layout_cave_shapes
Snake:2:  layout_cave_shapes, serial_shops, shop, grunt_megastairs_5,
          uniq_louise
Snake:3:  layout_cave_town, minmay_shop_star, grunt_megastairs_1
Snake:4:  hellmonk_snake_rune_quicksilver_temple, layout_cave_town, basic_altar,
          serial_library_regret_index_split_case, grunt_ministairs_12,
          uniq_mara, uniq_vashnia
Slime:1:  layout_caves
Slime:2:  layout_caves
Slime:3:  layout_caves, nicolae_slime_barrier
Slime:4:  layout_caves
Slime:5:  slime_pit_nicolae_jellycorners
Orc:1:    layout_caves, uniq_harold
Orc:2:    grunt_orc_gardens, layout_diamond_mine, grunt_orc_garden,
          grunt_orc_garden, grunt_orc_garden, grunt_orc_garden, uniq_snorg
Elf:1:    elf_arrival_001, layout_onion_city, minmay_elf_annihilation
Elf:2:    elven_hall_of_blades_hangedman_original
          [nicolae_blade_entry_diamond_columns], layout_geoelf_diagonals,
          serial_shops, shop, uniq_donald
Elf:3:    minmay_elf_hall_four_x, layout_geoelf_castle
Vaults:1: portal_desolation_entry_nicolae_nacl,
          nicolae_vaults_ellipses_ellipsis, nicolae_vaults_apartment_2,
          nicolae_vaults_asterisk, v_misc_26, v_misc_4,
          nicolae_vaults_big_angled_halls, nicolae_vaults_apartment_1,
          layout_vaults_quadrants, serial_shops, nicolae_shop_gaudy_bauble,
          uniq_aizul
Vaults:2: gammafunk_ghost_necromancy, nicolae_vaults_meiosis,
          nicolae_vaults_shipping_containers_1, nicolae_vaults_turnstiles,
          vaults_dpeg_cross, nicolae_vaults_tetromino_L_1, v_misc_13,
          nicolae_vaults_surprise_closet, nicolae_vaults_house_1,
          nicolae_vaults_specimen_jars, nicolae_vaults_mitosis,
          layout_vaults_ring, serial_shops, shop
Vaults:3: vaults_room_fancy_cross, hangedman_vaults_nails,
          dpeg_vaults_hating_casters, hangedman_vaults_slither,
          nicolae_vaults_network_periphery, nicolae_vaults_diagonal_hallway_7,
          ontoclasm_vaults_ring_square, nicolae_vaults_tetromino_Z_1,
          nicolae_vaults_three_branches, v_misc_17,
          nicolae_vaults_tetromino_L_1, v_misc_27, ontoclasm_vaults_ring_square,
          vaults_room_semicircle, nicolae_vaults_house_1,
          layout_vaults_omnicross, dummy_crypt_entry
Vaults:4: v_misc_13, vaults_room_octagon, grunt_vaults_swirl, v_misc_11,
          vaults_room_fours, ontoclasm_vaults_twist, vaults_room_ringed_pool,
          nicolae_vaults_tetromino_Z_1, nicolae_vaults_wrenched,
          grunt_vaults_focal, layout_vaults_maze_bifur, uniq_frederick,
          uniq_saint_roka, uniq_mennas
Vaults:5
Depths:1: layout_big_octagon, grunt_decor_resistance, mu_enter_wizlab_4,
          pf_hell_entry_tar_river, serial_shops, shop, nicolae_lakefront_shop,
          kennysheep_mini, minmay_misc_feat_cross, okawaru_trees_2
Depths:2: minmay_octagon_keep, layout_cave_pools, enter_ziggurat_a,
          rand_demon_pan_entry_7, abyss_entry_flame_altar, hell_entry,
          fedhas_altar_4, nicolae_twisting_strands
Depths:3: minmay_the_grid_octo_tiled_squarecenter
          [minmay_the_grid_octo_thin_diamonds, minmay_the_grid_octo_clover_2,
          minmay_the_grid_octo_tetromino_candy,
          minmay_the_grid_octo_checkerflower,
          minmay_the_grid_square_5x5_megaprize_checkered,
          minmay_the_grid_square_5x5_inner_i,
          minmay_the_grid_square_5x5_beaten_path,
          minmay_the_grid_square_5x5_minivault, minmay_the_grid_square_5x5_v],
          layout_basic, chequers_big_river, abyss_entry,
          grunt_hell_entry_dis_old, minmay_shop_grove
Depths:4: evilmike_zot_entry_castle, layout_basic, hell_entry,
          ashenzari_altar_1, abyss_entry, uniq_jory
Zot:1:    layout_gridlike, hangedman_elemental_grid_stream
Zot:2:    layout_cathedral_of_symmetry, regret_index_zotdec_storm_pass,
          uniq_josephina
Zot:3:    circus_mu, layout_misc_corridors, regret_index_zotdec_decaying_vile
Zot:4:    layout_onion_interference, uniq_grunn
Zot:5:    layout_misc_corridors, st_stairs_9, hangedman_zot_decor_tridents

Skill      XL: |  1  2  3  4  5  6  7  8  9 10 11 12 13 14 15 16 17 18 19 20 21 22 23 24 25 26 27 |
---------------+----------------------------------------------------------------------------------+-----
Necromancy     | 1 2 |  2.0
Translocations | 1 2 |  2.0
Spellcasting   | 3 4 5 6 8 11 12 13 14 15 17 19 | 19.3
Conjurations   | 4 5 6 7 15 16 21 | 21.6
Ice Magic      | 1 2 3 5 6 7 |  7.0
Long Blades    | 5 7 8 9 11 13 14 | 14.0
Evocations     | 2 3 4 7 10 | 10.0
Fighting       | 4 8 9 12 13 14 18 20 21 | 21.0
Shields        | 1 5 13 16 | 16.0
Dodging        | 5 8 9 11 13 15 | 15.0
Throwing       | 4 |  4.0
Air Magic      | 3 6 7 10 11 15 19 21 | 21.6
Summonings     | 1 4 |  4.0
Armour         | 2 8 11 13 15 | 15.0
Alchemy        | 1 4 6 |  6.0

Action                     |  1- 3 |  4- 6 |  7- 9 | 10-12 | 13-15 | 16-18 | 19-21 | 22-24 | 25-27 || total
---------------------------+-------+-------+-------+-------+-------+-------+-------+-------+-------++-------
  Melee: Falchion          |    85 |   145 |    54 |       |       |       |       |       |       ||   284
         Long sword        |       |       |   166 |   381 |   382 |       |       |       |       ||   929
         Scimitar          |       |       |       |       |   401 |   915 |  1388 |  1663 |  1631 ||  5998
         Headbutt          |       |       |       |       |       |       |    19 |   667 |   628 ||  1314
   Cast: Momentum Strike   |       |     7 |    14 |    13 |       |       |       |       |       ||    34
         Kiss of Death     |       |     3 |     2 |     3 |     2 |       |       |       |       ||    10
         Hailstorm         |       |     6 |    35 |    58 |     9 |     9 |     1 |       |       ||   118
         Frozen Ramparts   |       |       |    16 |    63 |    55 |    15 |    13 |    10 |     4 ||   176
         Freezing Cloud    |       |       |       |       |    78 |    80 |    30 |    31 |    41 ||   260
         Summon Lightning  |       |       |       |       |     6 |     4 |     4 |     7 |     2 ||    23
         Irradiate         |       |       |       |       |       |    24 |    86 |   107 |   119 ||   336
         Orb of Destructio |       |       |       |       |       |       |       |     5 |     9 ||    14
         Arcjolt           |       |       |       |       |       |       |       |       |    38 ||    38
         Maxwell's Capacit |       |       |       |       |       |       |       |       |    51 ||    51
         Chain Lightning   |       |       |       |       |       |       |       |       |     2 ||     2
 Invoke: Potion Petition   |       |       |       |     1 |     2 |     4 |     5 |     1 |     7 ||    20
         Call Merchant     |       |       |       |       |       |     1 |       |     2 |     1 ||     4
  Evoke: Wand              |       |     4 |       |     5 |     7 |     1 |       |     2 |     5 ||    24
         Lightning rod     |       |       |       |       |       |     6 |     4 |       |       ||    10
         Phantom mirror    |       |       |       |       |       |       |     1 |     1 |       ||     2
         Box of beasts     |       |       |       |       |       |       |       |     1 |       ||     1
    Use: Scroll            |       |     2 |     5 |    12 |     9 |     3 |     8 |     4 |    13 ||    56
         Potion            |       |       |     1 |     1 |     3 |     6 |    11 |     2 |    11 ||    35
   Stab: Distracted        |       |       |       |     3 |     6 |     8 |     7 |     6 |     6 ||    36
         Sleeping          |       |       |       |       |       |     1 |       |       |       ||     1
         Invisible         |       |       |       |       |       |       |       |       |    10 ||    10
 Armour: Leather armour    |    45 |    99 |   159 |    89 |       |       |       |       |       ||   392
         Acid dragon scale |       |       |       |   151 |   474 |   660 |   215 |       |       ||  1500
         Skin              |       |       |       |       |     2 |       |       |       |       ||     2
         Pearl dragon scal |       |       |       |       |       |       |   696 |  1287 |  1470 ||  3453
  Dodge: Dodged            |    64 |    84 |   145 |   274 |   447 |   631 |   913 |   844 |   798 ||  4200
  Block: Buckler           |       |       |     1 |   107 |   149 |   322 |   410 |   120 |       ||  1109
         Kite shield       |       |       |       |       |       |       |       |   842 |  1162 ||  2004

Table legend: (Time is in decaauts)
 A = Elapsed time spent in this place.
 B = Non-inter-level travel time spent in this place.
 C = Inter-level travel time spent in this place.
 D = Time resting spent in this place.
 E = Time spent auto-exploring this place.
 F = Levels seen in this place.
 G = Mean time per level.
                   A        B        C        D        E       F      G
               +--------+--------+--------+--------+--------+-----+--------+
         Total |  93345 |  86423 |   6922 |  24603 |  43755 |  55 | 1697.2 |
       Dungeon |  23000 |  20344 |   2656 |   4711 |  11791 |  15 | 1533.3 |
        Temple |     49 |      4 |     45 |      0 |      0 |   1 |   49.0 |
          Lair |   8534 |   7264 |   1270 |   1387 |   4496 |   5 | 1706.8 |
         Swamp |   5195 |   4828 |    367 |   1763 |   2169 |   4 | 1298.8 |
     Snake Pit |   8077 |   7701 |    376 |   1880 |   4576 |   4 | 2019.2 |
    Slime Pits |   3916 |   3738 |    178 |   1511 |   1284 |   5 |  783.2 |
  Orcish Mines |   2699 |   2503 |    196 |    707 |   1296 |   2 | 1349.5 |
   Elven Halls |   5770 |   5572 |    198 |   1208 |   3206 |   3 | 1923.3 |
        Vaults |  13183 |  12779 |    404 |   3280 |   6569 |   5 | 2636.6 |
        Depths |   8706 |   7831 |    875 |   2159 |   3771 |   4 | 2176.5 |
           Zot |  10961 |  10608 |    353 |   5085 |   3385 |   5 | 2192.2 |
        Bailey |    557 |    557 |      0 |    266 |     80 |   1 |  557.0 |
    Desolation |   2693 |   2693 |      0 |    642 |   1129 |   1 | 2693.0 |
               +--------+--------+--------+--------+--------+-----+--------+

Top non-repeatable levels by time:
Vaults:5: 4070 daAuts
 Snake:4: 3694 daAuts
   Zot:2: 3546 daAuts
Depths:4: 3335 daAuts
   Elf:3: 2776 daAuts
Depths:3: 2700 daAuts
Desolation: 2693 daAuts
     D:8: 2632 daAuts
   Zot:1: 2596 daAuts
Vaults:3: 2560 daAuts
Vaults:4: 2434 daAuts
     D:3: 2341 daAuts
   Zot:3: 2319 daAuts
  Lair:5: 2294 daAuts
    D:14: 2178 daAuts
